 Dungeon Crawl Stone Soup version 0.27-a0-1065-ge809cff456 (webtiles) character file.

Game seed: 17062345416491028937

71 kae the Insei (level 4, -6/36 HPs)
             Began as a Draconian Transmuter on Apr 23, 2021.
             Killed by nerve-wracking pain
             ... invoked by Grinder
              (9 damage)
             ... on level 2 of the Dungeon.
             The game lasted 00:01:35 (2914 turns).

kae the Insei (Draconian Transmuter)                Turns: 2914, Time: 00:01:36

Health: -6/36      AC:  5    Str: 12    XL:     4   Next: 5%
Magic:  5/7        EV: 12    Int: 14    God:
Gold:   67         SH:  0    Dex: 12    Spells: 3/7 levels left

rFire    . . .     SeeInvis .     - Unarmed
rCold    . . .     Faith    .   (no shield)
rNeg     . . .     Spirit   .   (armour unavailable)
rPois    .         Reflect  .   (helmet restricted)
rElec    .         Harm     .   (no cloak)
rCorr    .         Rampage  .   (no gloves)
Will     .....                  (no boots)
Stlth    +.........             (no amulet)
HPRegen  0.12/turn              (no ring)
MPRegen  0.10/turn              (no ring)

@: no status effects
A: AC +5, unfitting armour, cold-blooded
a: no special abilities


You were on level 2 of the Dungeon.
You visited 1 branch of the dungeon, and saw 3 of its levels.

You collected 67 gold pieces.

Inventory:

Jewellery
 a - a +6 ring of dexterity
 c - a ring of wizardry
Scrolls
 d - a scroll of teleportation
Potions
 b - a potion of curing
 e - a potion of haste {unknown}


   Skills:
 + Level 2.0 Fighting
 + Level 2.1 Dodging
 * Level 3.5 Unarmed Combat
 + Level 2.3 Spellcasting
 * Level 2.7 Transmutations
 * Level 0.8 Poison Magic


You had 3 spell levels left.
You knew the following spells:

 Your Spells              Type           Power      Damage    Failure   Level
a - Beastly Appendage     Tmut           18%        N/A       8%          1
b - Spider Form           Tmut/Pois      3%         N/A       32%         3

Your spell library contained the following spells:

 Spells                   Type           Power      Damage    Failure   Level
 Wereblood                Tmut           9%         N/A       11%         2
 Animate Skeleton         Necr           2%         N/A       24%         1
 Pain                     Necr           4%         1d4       24%         1
 Vampiric Draining        Necr           0%         2d6       56%         3
 Ice Form                 Ice/Tmut       5%         N/A       78%         4
 Hydra Form               Tmut           4%         N/A       90%         5
 Animate Dead             Necr           0%         N/A       93%         4
 Agony                    Necr           1%         N/A       100%        5


Dungeon Overview and Level Annotations

Branches:
Dungeon (3/15)

Altars:

Annotations:
D:2 Grinder


Innate Abilities, Weirdness & Mutations

Your plain brown scales are hard. (AC +5)
You cannot fit into any form of body armour.
You are cold-blooded and may be slowed by cold attacks.


Message History

You barely miss the bat. The bat misses you. The goblin barely misses you.
You hit the goblin.
You kill the goblin!
The bat misses you.
You barely miss the bat. The bat closely misses you.
You hit the bat.
You kill the bat!
Grinder blinks!
You hit the hobgoblin.
The hobgoblin is poisoned.
The hobgoblin is severely wounded.
Your transformation has ended.
You kill the hobgoblin!
Grinder says, "I used to sell toenails on the black market."
You climb upwards.
There is a stone staircase leading down here.
You barely miss Grinder. Grinder barely misses you.
You hit Grinder but do no damage. Grinder gestures at you.
You suddenly lose the ability to move!
Grinder blinks! x2
Grinder hits you!
You writhe in agony.
Grinder hits you!
You can move again.
Unknown command.
Unknown command.
Unknown command.
You hit Grinder.
Grinder is lightly wounded.
Grinder hits you!
You writhe in agony.
* * * LOW HITPOINT WARNING * * *
Unknown command.
You feel better. Grinder hits you.
* * * LOW HITPOINT WARNING * * *
You writhe in agony.
* * * LOW HITPOINT WARNING * * *
You barely miss Grinder.
Grinder is lightly wounded.
Grinder gestures at you. Pain shoots through your body!
You die...

#.#...>........>....##.[.....
#.#...#.##..........##.######
#.....#.##..###.##..##.# #
#.#.###.##..# #.##..##.# #
#.##...###..###.##..##.# #
#.##..##............##.# #
#.##..##.#..###.###.##.# #
#.##.#......###.# #.##.#
#####.##..##...5@##.###.##.#
......##................##.#
########.###.....#########.#
#.# ##...## #.# #.# ##.## #.#
#.# #.# #.###### #.# #.#
###....... #.# #.# #.........
#.# ##.## #.#######.


You could see Grinder.

Vanquished Creatures
  Robin (D:3)
  A white imp (D:2)
  3 worms (D:2)
  2 dart slugs (D:2)
  4 ball pythons
  2 endoplasms
  8 goblins (D:3)
  4 hobgoblins
  2 jackals (D:2)
  5 kobolds
  2 bats
  2 frilled lizards (D:2)
  3 rats
39 creatures vanquished.

Notes
Turn   | Place    | Note
-------+----------+-------------------------------------------
     0 | D:1      | kae the Draconian Transmuter began the quest for the Orb.
     0 | D:1      | Reached XP level 1. HP: 16/16 MP: 3/3
   337 | D:1      | Found a faded altar of an unknown god.
   627 | D:1      | Reached XP level 2. HP: 23/23 MP: 3/5
  1894 | D:2      | Reached XP level 3. HP: 29/29 MP: 6/6
  1898 | D:2      | Learned a level 3 spell: Spider Form
  2688 | D:3      | Noticed Robin
  2704 | D:3      | Killed Robin
  2708 | D:3      | Noticed Grinder
  2899 | D:3      | Reached XP level 4. HP: 35/36 MP: 3/7
  2907 | D:2      | Paralysed by Grinder for 4 turns
  2914 | D:2      | Killed from afar by Grinder

Illustrated notes

Levels and vault maps discovered:
D:1:      roderic_chinese_lattice_arrival, layout_basic,
          shapermc_ecumenical_altar_venn, minmay_misc_feat_room,
          ebering_dispersal_statue_hall, minmay_tree_intersection
D:2:      layout_loops_ring
D:3:      layout_loops_ring, amcnicky_altar_gilded, uniq_natasha, uniq_sigmund,
          uniq_terence, uniq_grinder, uniq_robin

Skill      XL: |  1  2  3 |
---------------+----------+-----
Dodging        | 2 |  2.1
Fighting       | 2 |  2.0
Unarmed Combat | |  3.5
Spellcasting   | |  2.3
Transmutations | |  2.7
Poison Magic   | |  0.8

Action                   |  1- 3 |  4- 6 || total
-------------------------+-------+-------++-------
Melee: Unarmed           |    92 |     9 ||   101
       Headbutt          |    11 |       ||    11
       Kick              |    17 |       ||    17
       Tailslap          |     5 |       ||     5
 Cast: Beastly Appendage |    21 |       ||    21
       Spider Form       |     3 |       ||     3
  Use: Scroll            |     6 |       ||     6
       Potion            |       |     1 ||     1
Armor: Skin              |    21 |       ||    21
Dodge: Dodged            |    62 |     5 ||    67

Table legend: (Time is in decaauts)
 A = Elapsed time spent in this place.
 B = Non-inter-level travel time spent in this place.
 C = Inter-level travel time spent in this place.
 D = Time resting spent in this place.
 E = Time spent auto-exploring this place.
 F = Levels seen in this place.
 G = Mean time per level.
                   A        B        C        D        E       F      G
               +--------+--------+--------+--------+--------+-----+--------+
         Total |   2910 |   2817 |     93 |    405 |   2102 |   3 |  970.0 |
       Dungeon |   2910 |   2817 |     93 |    405 |   2102 |   3 |  970.0 |
               +--------+--------+--------+--------+--------+-----+--------+

Top non-repeatable levels by time:
     D:2: 1700 daAuts
     D:1: 1100 daAuts
     D:3: 109 daAuts
